 Dungeon Crawl Stone Soup version 0.13.1-27-ga479965 (webtiles) character file.

1027 Chiseanne the Ducker (level 7, -1/66 HPs)
             Began as a Troll Artificer on Jan 29, 2014.
             Was a Priest of Nemelex Xobeh.
             Slain by a killer bee (7 damage)
             ... on Level 5 of the Dungeon.
             The game lasted 00:23:47 (4733 turns).

Chiseanne the Ducker (Troll Artificer)              Turns: 4733, Time: 00:23:47

HP  -1/66        AC  8     Str 21      XL: 7   Next: 79%
MP   3/7         EV 12     Int  8      God: Nemelex Xobeh [***...]
Gold 131         SH  0     Dex 11      Spells:  0 memorised,  6 levels left

Res.Fire  : . . .   See Invis. : .   D - +1 blowgun
Res.Cold  : . . .   Warding    : .   u - +2 orc robe {rN+}
Life Prot.: + . .   Conserve   : .   (shield restricted)
Res.Poison: .       Res.Corr.  : .   (helmet restricted)
Res.Elec. : .       Clarity    : .   v - +0 cloak
Sust.Abil.: . .     Spirit.Shd : .   (gloves unavailable)
Res.Mut.  : .       Stasis     : .   (boots unavailable)
Res.Rott. : .       Flight     : .   (no amulet)
Gourmand  : +                        f - ring of flight
                                     m - ring of invisibility

@: very slightly contaminated, slightly resistant to hostile enchantments,
unstealthy
A: unfitting armour, claws 3, fast metabolism 3, gourmand, regeneration 2,
saprovore 2, tough skin 2, AC +1
a: Draw One, Peek at Two, Triple Draw, Renounce Religion, Evoke Invisibility,
Evoke Flight


You were on level 5 of the Dungeon.
You worshipped Nemelex Xobeh.
Nemelex Xobeh was most pleased with you.
You were very full.

You visited 1 branch of the dungeon, and saw 5 of its levels.

You collected 201 gold pieces.
You spent 90 gold pieces at shops.

Inventory:

Hand weapons
 a - a +1,+1 dagger of electrocution
 s - a +2,+2 flail of holy wrath
 D - a +1 blowgun (weapon)
 K - a +0,+0 broad axe
Missiles
 x - 2 curare-tipped needles (quivered)
Armour
 u - a +2 orcish robe of positive energy (worn)
 v - a +0 cloak (worn)
Magical devices
 b - a wand of flame (15)
 c - a wand of enslavement (0)
 d - a wand of random effects (8)
Comestibles
 g - a bread ration
 C - 4 meat rations
Scrolls
 h - 2 scrolls of noise {unknown}
 i - a scroll of curse armour {unknown}
 j - 3 scrolls of remove curse {unknown}
 l - 2 scrolls of teleportation {unknown}
 o - a scroll of random uselessness {unknown}
 p - 3 scrolls of identify {unknown}
 q - a scroll of magic mapping {unknown}
 y - a scroll of fear {unknown}
 A - a scroll of curse jewellery {unknown}
 B - a scroll of blinking {unknown}
 I - a scroll of enchant weapon I {unknown}
 L - a scroll of enchant weapon II
Jewellery
 f - a ring of flight (right claw)
 m - a ring of invisibility (left claw)
Potions
 r - a potion of cure mutation
 t - 3 potions of curing
 w - a potion of restore abilities
Miscellaneous
 k - a legendary deck of destruction {god gift}


   Skills:
 * Level 2.3 Fighting
 * Level 1.9 Short Blades
 - Level 1.4 Maces & Flails
 * Level 5.4 Dodging
 - Level 0.4 Stealth
 - Level 1.0 Unarmed Combat
 * Level 4.2 Evocations


You had 6 spell levels left.
You didn't know any spells.

Dungeon Overview and Level Annotations

Branches:
Dungeon (5/27)
 Temple: D:4-7

Altars:
Makhleb
Nemelex Xobeh
Zin

Shops:
D:4 +   D:5 (


Innate Abilities, Weirdness & Mutations

You are too large for most types of armour.
You have claws for hands.
Your metabolism is lightning-fast.
You like to eat raw meat.
You heal very quickly.
You can eat rotten meat.
You are covered in fur (AC +1).
You have very tough skin (AC +2).


Message History

The killer bee poisons you!
* * * LOW HITPOINT WARNING * * *
You feel sick. The killer bee barely misses you. The killer bee stings you.
* * * LOW HITPOINT WARNING * * *
The killer bee closely misses you.
* * * LOW HITPOINT WARNING * * *
You feel sick. The killer bee barely misses you.
The killer bee stings you but does no damage.
Drink which item? (? for menu, Esc to quit)
You feel better.
It was a potion of curing.
The killer bee stings you!
* * * LOW HITPOINT WARNING * * *
The killer bee stings you.
* * * LOW HITPOINT WARNING * * *
The killer bee barely misses you. The killer bee closely misses you.
The killer bee stings you.
* * * LOW HITPOINT WARNING * * *
The killer bee barely misses you. The killer bee stings you!
You die...
Your body glows with a rainbow of weird colours and disappears.

#...............#
#...............#
#...........<...#
#...............#
#...............#
#...............#
#..<............#
#...............#
#......@k.......#
#......kk.......#
#...............#
#...............#
#...............#
#...............#
#...............#
#...............#
#...............#


You could see 3 killer bees.

Vanquished Creatures
  Edmund (D:4)
  A necrophage (D:5)
  Duvessa (D:5)
  A water moccasin (D:5)
  Dowan (D:5)
  A crimson imp (D:5)
  6 gnolls
  3 orc priests
  2 orc wizards
  2 scorpions (D:3)
  3 worker ants (D:4)
  4 adders
  A giant mite (D:3)
  2 worms
  An adder skeleton (D:4)
  A giant eyeball (D:4)
  A giant gecko (D:3)
  8 orcs
  2 ball pythons
  5 giant cockroaches
  13 goblins
  5 hobgoblins
  11 jackals
  4 kobolds
  3 quokkas
  20 bats
  7 giant newts
  A giant newt skeleton (D:4)
  A rat (D:1)
  A rat skeleton (D:4)
113 creatures vanquished.

Vanquished Creatures (collateral kills)
  5 gnolls
  An ooze (D:3)
  An orc (D:4)
  A quokka (D:3)
  2 kobolds
10 creatures vanquished.

Grand Total: 123 creatures vanquished

Notes
Turn   | Place    | Note
--------------------------------------------------------------
     0 | D:1      | Chiseanne, the Troll Artificer, began the quest for the Orb.
     0 | D:1      | Reached XP level 1. HP: 20/20 MP: 1/1
    77 | D:1      | Reached skill level 1 in Fighting
   163 | D:1      | Reached XP level 2. HP: 28/28 MP: 1/1
   584 | D:1      | Reached XP level 3. HP: 31/35 MP: 3/3
  1085 | D:2      | Reached skill level 1 in Maces & Flails
  1198 | D:2      | Reached XP level 4. HP: 42/42 MP: 3/3
  1635 | D:3      | Found a burning altar of Makhleb.
  1812 | D:3      | Reached skill level 3 in Evocations
  1856 | D:3      | Reached XP level 5. HP: 40/49 MP: 4/4
  2565 | D:4      | Found a sparkling altar of Nemelex Xobeh.
  2569 | D:4      | Became a worshipper of Nemelex Xobeh
  2604 | D:3      | Received a gift from Nemelex Xobeh
  2727 | D:3      | Acquired Nemelex Xobeh's first power
  3455 | D:4      | Noticed Edmund
  3479 | D:4      | Killed Edmund
  3479 | D:4      | Reached skill level 1 in Short Blades
  3479 | D:4      | Reached skill level 4 in Dodging
  3479 | D:4      | Reached XP level 6. HP: 29/58 MP: 6/6
  3487 | D:4      | Acquired Nemelex Xobeh's second power
  3722 | D:4      | Found Zin's Purification Station.
  3725 | D:4      | Found a glowing silver altar of Zin.
  3732 | D:4      | Bought a potion of restore abilities for 90 gold pieces
  3839 | D:4      | Found Thamem's Book Emporium.
  3863 | D:4      | Received a gift from Nemelex Xobeh
  4242 | D:5      | Entered Level 5 of the Dungeon
  4296 | D:5      | Reached XP level 7. HP: 54/65 MP: 0/7
  4468 | D:5      | Received a gift from Nemelex Xobeh
  4491 | D:5      | Noticed Duvessa
  4491 | D:5      | Noticed Dowan
  4539 | D:5      | Reached skill level 5 in Dodging
  4542 | D:5      | Acquired Nemelex Xobeh's third power
  4549 | D:5      | Killed Duvessa
  4572 | D:5      | Killed Dowan
  4642 | D:5      | Found Dexiofeonn's Weapon Boutique.
  4693 | D:5      | Noticed a necrophage
  4694 | D:5      | Received a gift from Nemelex Xobeh
  4698 | D:5      | Killed a necrophage
  4733 | D:5      | Slain by a killer bee

Action                   |  1- 3 |  4- 6 |  7- 9 || total
-------------------------+-------+-------+-------++-------
Melee: Unarmed           |    18 |       |       ||    18
       Mace              |   141 |    31 |       ||   172
       Flail             |       |    59 |       ||    59
       Trident           |       |    22 |       ||    22
       Dagger            |       |   126 |    59 ||   185
 Fire: Blowgun           |       |       |     2 ||     2
Invok: Draw One          |       |     6 |    10 ||    16
       Peek at Two       |       |     2 |       ||     2
 Abil: Evoke Invisibilit |       |       |     1 ||     1
Evoke: Wand              |       |    22 |       ||    22
  Use: Potion            |       |     6 |     2 ||     8
       Scroll            |       |       |     1 ||     1
 Stab: Invisible         |       |       |     2 ||     2
